caesar, neutral male human Barbarian -------- ------ |<|>...---....| |^|-..........| |.||.``.|.....| |.||....|.....| |.|------.----| |.| |..[...| |`------......| |`@d..........| |``-----......| ---- -------- caesar the Bandit Experience level: 7 Strength: 18/01 Dexterity: 16 Constitution: 18 Intelligence: 8 Wisdom: 8 Charisma: 6 Health: 0(79) Energy: 19(19) Def: 7 Gold: 1896 Moves: 4147 Dungeon seed: dISqWFSDowmaiDvd Game ID: caesar_1573328951 Your Inventory: Coins $ - 1896 gold pieces Weapons a - a corroded +0 two-handed sword b - a +0 axe m - a +4 elven dagger (in quiver) Armor e - an uncursed +0 ring mail (being worn) n - an uncursed +0 dwarvish iron helm (being worn) q - an uncursed +0 dwarvish cloak (being worn) z - an uncursed +0 mummy wrapping N - an uncursed +0 pair of iron shoes (being worn) Comestibles g - an uncursed tripe ration j - an uncursed food ration X - a cursed food ration Scrolls h - an uncursed scroll of earth P - an uncursed scroll of scare monster Q - a cursed scroll of teleportation R - an uncursed scroll of identify T - an uncursed scroll of identify W - a cursed scroll of confuse monster Potions S - a blessed potion of healing U - an uncursed potion of paralysis Rings Z - an uncursed ring of poison resistance Wands c - a wand of slow monster (0:3) u - a wand of digging (0:2) B - a cursed wand of sleep (0:2) V - a wand of digging (0:6) Tools d - an uncursed skeleton key t - 6 uncursed wax candles (0:400) Y - a cursed +0 pick-axe (weapon in hand) Spells and supernatural/magical abilities: Name Level Category Fail Memory W - pray for help -- divine ? -- Your skills at the end: Fighting Skills bare handed combat [Basic] Weapon Skills axe [Basic] two-handed sword [Basic] Spellcasting Skills Final Attributes: You were fervently aligned. You were poison resistant. You were a werewolf. You were fast. You were unlucky. You are dead. Vanquished creatures: a spotted jelly 2 gnome kings a gnome mummy 9 bugbears 3 Mordor orcs a yellow light 2 shriekers 5 gnome lords a gnomish wizard a ghoul a straw golem 3 little dogs a floating eye 4 dwarves a homunculus a kobold lord a kobold shaman a hill orc 2 giant bats 4 orc zombies 7 dwarf zombies a werejackal 2 iguanas an acid blob 4 coyotes 6 hobbits 10 manes a large kobold 7 hobgoblins 2 giant rats 2 cave spiders a yellow mold a green mold a red mold 15 gnomes 5 garter snakes a gnome zombie a gecko 4 jackals 2 kobolds 4 goblins a sewer rat 13 grid bugs 3 lichens 2 kobold zombies 3 newts 145 creatures vanquished. Voluntary challenges: You used a wielded weapon 188 times, starting on turn 2. You read items or engraved 3 times, starting on turn 1770. You never genocided any monsters. You never polymorphed an object. You never changed form. You used no wishes. You never split a pudding. You never wrote Elbereth's name. You violated your moral code, losing 25 points of alignment, starting on turn 2924. Dungeon overview: The Dungeons of Doom: levels 1 to 7 Level 1 an altar to Mitra, a fountain a long staircase Level 2 a general store, a sink Level 3 an armor shop Level 4 an altar to Crom stairs to The Gnomish Mines Level 5 many fountains Level 6 a fountain, a throne stairs to Sokoban Level 7 a fountain The Gnomish Mines: levels 5 to 6 Level 5 stairs to The Dungeons of Doom Level 6 Sokoban: Level 5 <- You were here stairs to The Dungeons of Doom History has recorded: On T:1 you entered the Dungeons of Doom to retrieve the Amulet of Yendor! On T:519 you reached level 2 of The Dungeons of Doom. On T:595 you reached level 3 of The Dungeons of Doom. On T:643 you advanced to experience level 2. On T:968 you advanced to experience level 3. On T:1060 you reached level 4 of The Dungeons of Doom. On T:1362 you reached level 5 of The Dungeons of Doom. On T:1439 you reached level 1 of The Gnomish Mines. On T:1446 you advanced to experience level 4. On T:1707 you advanced to experience level 5. On T:2308 you reached level 2 of The Gnomish Mines. On T:2392 you advanced to experience level 6. On T:3332 you reached level 6 of The Dungeons of Doom. On T:3425 you advanced to experience level 7. On T:3619 you reached level 7 of The Dungeons of Doom. On T:3659 you reached level 4 of Sokoban. Score breakdown: Gold: 1896 (11150 points) Experience: 7 levels (13645 points) Exploration: 7 levels ( 14.58%) (10718 points) Discoveries: 5 items ( 2.03%) ( 4276 points) Valuables value: (no points given unless you survive) Artifact value: 0 ( 0 points) Variety of kills: 46 monsters ( 12.07%) (10424 points) Turncount: 4147 turns (-1078 points) Survival: died (score multiplied by 80%) Total score: 39308 Latest messages: You cannot pass that way. You swing your pick-axe through thin air. You cannot pass that way. You swing your pick-axe through thin air. The werewolf bites! You feel feverish. You cannot pass that way. You swing your pick-axe through thin air. As you read the scroll, it disappears. The ceiling rumbles above you! The cave spider is hit by a boulder! You kill the poor cave spider! You hear the rumble of distant thunder... The werewolf is hit by a boulder! You are hit by a boulder! Fortunately, you are wearing a hard hat. You hear the howling of the CwnAnnwn... The werewolf bites! You miss the werewolf. (2x) The werewolf bites! You die... Final status: Goodbye caesar the Barbarian, killed by a werewolf... You died in Sokoban on dungeon level 5 with 39308 points, and 1896 pieces of gold, after 4147 moves. You were level 7 with a maximum of 79 hit points when you died.